 Dungeon Crawl Stone Soup version 0.29-a0-72-g1732ff48e7 (webtiles) character file.

Game seed: 11593653094732211153

1411 bande the Chopper (level 8, -1/50 HPs)
             Began as a Gargoyle Fighter on Feb 4, 2022.
             Was a Follower of Okawaru.
             Slain by a troll (5 damage)
             ... on level 6 of the Dungeon.
             The game lasted 00:10:24 (5745 turns).

bande the Chopper (Gargoyle Fighter)                Turns: 5745, Time: 00:10:25

Health: -1/50      AC: 16    Str: 20    XL:     8   Next: 70%
Magic:  9/9        EV:  9    Int:  9    God:    Okawaru [*.....]
Gold:   255        SH:  5    Dex: 11    Spells: 7/7 levels left

rFire   . . .      SeeInvis .   a - +1 war axe
rCold   . . .      Faith    .   c - +0 buckler
rNeg    + . .      Spirit   .   b - +0 scale mail
rPois   ∞          Reflect  .   f - +1 helmet
rElec   +          Harm     .   (no cloak)
rCorr   .          Rampage  .   (no gloves)
Will    .....                   g - +0 pair of boots
Stlth   ..........              j - amulet of regeneration
HPRegen 0.96/turn               (no ring)
MPRegen 0.11/turn               (no ring)

@: studying Earth Magic
A: sickness immunity, AC +5, negative energy resistance 1, electricity
resistance, torment resistance 1, petrification resistance
a: Renounce Religion, Heroism


You were on level 6 of the Dungeon.
You worshipped Okawaru.
Okawaru was aware of your devotion.
You visited 2 branches of the dungeon, and saw 7 of its levels.

You collected 255 gold pieces.

Inventory:

Hand Weapons
 a - a +1 war axe (weapon)
 h - a +0 flail
Armour
 b - a +0 scale mail (worn)
 c - a +0 buckler (worn)
 f - a +1 helmet (worn)
 g - a +0 pair of boots (worn)
Jewellery
 e - a ring of fire
 j - an amulet of regeneration (around neck)
Wands
 p - a wand of digging (1)
Scrolls
 i - 2 scrolls of enchant weapon
 o - a scroll of teleportation
 r - a scroll of identify
 u - a scroll of immolation {unknown}
Potions
 d - 4 potions of might
 k - 5 potions of flight {unknown}
 l - a potion of curing {unknown}
 m - a potion of haste {unknown}
 n - a potion of mutation
 q - 2 potions of degeneration {unknown}
 t - a potion of ambrosia {unknown}
Miscellaneous
 s - a piece from Xom's chessboard (15/15)


   Skills:
 + Level 5.4 Fighting
 + Level 6.5 Axes
 + Level 6.4 Armour
 - Level 0.1 Stealth
 + Level 4.7 Shields
 * Level 2.2 Invocations
 * Level 1.5 Evocations


You had 7 spell levels left.
You didn't know any spells.
Your spell library contained the following spells:

 Spells                   Type           Power      Damage    Failure   Level
 Apportation              Tloc           0%         N/A       80%         1
 Corpse Rot               Necr/Air       0%         N/A       91%         2
 Confusing Touch          Hex            0%         N/A       99%         3
 Dispel Undead            Necr           0%         3d6       100%        4
 Lightning Bolt           Conj/Air       0%         1d11      100%        5
 Yara's Violent Unravell  Hex/Tmut       0%         3d3       100%        5
 Animate Skeleton         Necr           Unusable   N/A       N/A         1
 Summon Small Mammal      Summ           Unusable   N/A       N/A         1
 Death Channel            Necr           Unusable   N/A       N/A         6

Dungeon Overview and Level Annotations

Branches:
Dungeon (6/15)             Temple (1/1) D:6

Altars:
Ashenzari
Dithmenos
Elyvilon
Fedhas
Gozag
Makhleb
Nemelex Xobeh
Okawaru
Ru
Sif Muna
Trog
Uskayaw
Vehumet
Xom
Yredelemnul
Zin
The Shining One

Annotations:
D:5 2 transporters


Innate Abilities, Weirdness & Mutations

You are immune to sickness and miasma.
Your stone body is resilient. (AC +5)
You are immune to poison.
You resist negative energy. (rN+)
You are resistant to electric shocks. (rElec)
You are resistant to unholy torment.
You are immune to petrification.


Message History

The troll claws you!
You slash the troll!
The troll is lightly wounded.
You block the troll's attack. The troll barely misses you. x2
You hit the troll.
The troll is moderately wounded.
The troll barely misses you. The troll claws you. The troll closely misses you.
You closely miss the troll.
The troll is moderately wounded.
The troll bites you! The troll claws you. You block the troll's attack.
You slash the troll!
The troll is heavily wounded.
The troll bites you! The troll claws you but does no damage.
The troll claws you.
You are too injured to fight recklessly!
You are too injured to fight recklessly!
You are too injured to fight recklessly!
You are too injured to fight recklessly!
You are too injured to fight recklessly!
You are too injured to fight recklessly!
You are too injured to fight recklessly!
You closely miss the troll.
The troll is heavily wounded.
The troll bites you. The troll claws you.
* * * LOW HITPOINT WARNING * * *
The troll claws you.
* * * LOW HITPOINT WARNING * * *
The troll closely misses you. The troll claws you.
* * * LOW HITPOINT WARNING * * *
The troll claws you but does no damage.
You slash the troll!
The troll is severely wounded.
The troll misses you. The troll barely misses you.
The troll claws you but does no damage.
You closely miss the troll.
The troll is severely wounded.
The troll bites you!
* * * LOW HITPOINT WARNING * * *
You block the troll's attack. The troll claws you.
You die...

#### #######..# ##
########....##..# .. ###
.......#....#...##.# #.#
.......'....#...@T# #.#
##'##..#....#...##.# #.#
....#..#....#..## # #.#
....#..#....#..#########.#
....#..'....#....##..##..#
....#..#...^#....##......#
....#..#....#............#
....#..#....#............#
(...#..+....#.......)....#


You could see a troll.

Vanquished Creatures
  A sky beast (D:6)
  3 ogres
  A black bear (D:5)
  A phantom (D:6)
  A centaur (D:6)
  A bullfrog (D:6)
  Blork the orc (D:4)
  A gnoll sergeant (D:5)
  2 scorpions
  3 hounds
  A centaur skeleton (D:5)
  A gnoll shaman (D:5)
  An iguana (D:5)
  A hound skeleton (D:4)
  15 gnolls
  9 adders
  2 shadow imps
  2 adder skeletons (D:5)
  3 worms
  2 dart slugs
  9 orcs
  6 endoplasms
  2 giant cockroaches
  6 goblins
  4 hobgoblins
  8 jackals
  6 kobolds
  A quokka (D:1)
  6 ball pythons
  4 bats
  A frilled lizard (D:2)
  3 rats (D:1)
108 creatures vanquished.

Vanquished Creatures (others)
  A fungus (D:1)
  2 plants (D:1)
3 creatures vanquished.

Grand Total: 111 creatures vanquished

Notes
Turn   | Place    | Note
-------+----------+-------------------------------------------
     0 | D:1      | bande the Gargoyle Fighter began the quest for the Orb.
     0 | D:1      | Reached XP level 1. HP: 14/14 MP: 1/1
   354 | D:1      | Reached XP level 2. HP: 15/19 MP: 2/2
   747 | D:1      | Reached XP level 3. HP: 21/24 MP: 3/3
  1090 | D:1      | Found a faded altar of an unknown god.
  1490 | D:2      | Gained mutation: You have hidden genetic defects. [potion
                  | of mutation]
  1490 | D:2      | Lost mutation: You have hidden genetic defects. [potion of
                  | mutation]
  1748 | D:2      | Reached XP level 4. HP: 29/29 MP: 4/4
  2603 | D:4      | Noticed an ogre
  2605 | D:4      | Noticed an ogre
  2618 | D:3      | Killed an ogre
  2619 | D:3      | Reached XP level 5. HP: 26/33 MP: 5/5
  2856 | D:4      | Reached XP level 6. HP: 39/39 MP: 6/6
  3020 | D:4      | Found a white marble altar of Elyvilon.
  3038 | D:4      | Found a sparkling altar of Nemelex Xobeh.
  3155 | D:4      | Noticed Blork the orc
  3166 | D:4      | Killed Blork the orc
  3363 | D:4      | Reached skill level 5 in Armour
  3363 | D:4      | Reached XP level 7. HP: 39/44 MP: 7/7
  3419 | D:4      | Reached skill level 5 in Axes
  3957 | D:5      | Entered Level 5 of the Dungeon
  4107 | D:5      | Found a transporter.
  4161 | D:5      | Found a transporter.
  4238 | D:5      | Found a bloodstained altar of Trog.
  4516 | D:5      | Reached XP level 8. HP: 36/48 MP: 8/8
  4853 | D:6      | Found a staircase to the Ecumenical Temple.
  4864 | Temple   | Entered the Ecumenical Temple
  4884 | Temple   | Became a worshipper of Warmaster Okawaru
  5018 | D:6      | Reached skill level 1 in Invocations
  5026 | D:6      | Reached skill level 5 in Fighting
  5130 | D:5      | Reached skill level 1 in Evocations
  5197 | D:6      | Reached * piety under Okawaru
  5296 | D:6      | Found a shimmering blue altar of Sif Muna.
  5296 | D:6      | Found a broken altar of Ashenzari.
  5350 | D:6      | Got the Handbook of Lightness and Bewitchment
  5737 | D:6      | Noticed a troll
  5745 | D:6      | Slain by a troll

Illustrated notes

Levels and vault maps discovered:
D:1:      dpeg_arrival_concentric_ovals, layout_basic,
          shapermc_ecumenical_altar_mp_ritualfount, nrook_uturn
D:2:      layout_rooms
D:3:      layout_basic
D:4:      layout_loops_ring, mainiacjoe_overflow_swirl, due_unseen_surprise,
          uniq_blork_the_orc
D:5:      gammafunk_steamed_eel, layout_basic, kennysheep_mini,
          hellmonk_bongcloud_opening, lightli_minifort
D:6:      minmay_cornered_nines, layout_gridville,
          gammafunk_temple_overflow_wave, minmay_temple_entry_grid,
          minmay_strange_pillars
Temple:   eino_temple_lava

Skill      XL: |  1  2  3  4  5  6  7  8 |
---------------+-------------------------+-----
Axes           | 2 3 4 5 6 |  6.5
Shields        | 4 |  4.7
Armour         | 4 5 6 |  6.4
Fighting       | 4 5 |  5.4
Invocations    | 2 |  2.2
Evocations     | 1 |  1.5
Stealth        | |  0.1

Action                   |  1- 3 |  4- 6 |  7- 9 || total
-------------------------+-------+-------+-------++-------
Melee: War axe           |   114 |   129 |   230 ||   473
Evoke: Wand              |       |     1 |       ||     1
  Use: Scroll            |     1 |     4 |     4 ||     9
       Potion            |     1 |       |       ||     1
Armor: Scale mail        |    65 |    67 |   164 ||   296
Dodge: Dodged            |    66 |    57 |   121 ||   244
Block: Buckler           |    32 |    21 |    59 ||   112

Table legend: (Time is in decaauts)
 A = Elapsed time spent in this place.
 B = Non-inter-level travel time spent in this place.
 C = Inter-level travel time spent in this place.
 D = Time resting spent in this place.
 E = Time spent auto-exploring this place.
 F = Levels seen in this place.
 G = Mean time per level.
                   A        B        C        D        E       F      G
               +--------+--------+--------+--------+--------+-----+--------+
         Total |   5913 |   5749 |    164 |    818 |   3630 |   7 |  844.7 |
       Dungeon |   5876 |   5712 |    164 |    818 |   3630 |   6 |  979.3 |
        Temple |     36 |     36 |      0 |      0 |      0 |   1 |   36.0 |
               +--------+--------+--------+--------+--------+-----+--------+

Top non-repeatable levels by time:
     D:1: 1431 daAuts
     D:4: 1263 daAuts
     D:3: 963 daAuts
     D:6: 895 daAuts
     D:5: 842 daAuts
     D:2: 480 daAuts
  Temple: 36 daAuts
